 Dungeon Crawl Stone Soup version 0.30-a0-637-gacddeb6d44 (webtiles) character file.

Game seed: 15379118985053727136

28676 Leeroy the Blocker (level 13, -3/66 HPs)
             Began as a Tengu Warper on Jan 15, 2023.
             Was a Follower of Uskayaw.
             Slain by a blink frog (9 damage)
             ... on level 5 of the Lair of Beasts.
             The game lasted 00:52:11 (18260 turns).

Leeroy the Blocker (Tengu Warper)                  Turns: 18260, Time: 00:52:11

Health: -3/66      AC:  9    Str: 14    XL:     13   Next: 40%
Magic:  10/17      EV: 25    Int: 25    God:    Uskayaw [*.....]
Gold:   1065       SH: 16    Dex: 19    Spells: 3/16 levels left

rFire   + + .      SeeInvis .    v - +2 scimitar (freeze)
rCold   + . .      Faith    .    P - +2 shield of Resistance {rF++ rC++ Will++}
rNeg    + . .      Spirit   .    S - +2 robe {Archmagi}
rPois   .          Reflect  .    Z - +2 hat
rElec   +          Harm     .    g - scarf {repulsion}
rCorr   .          Rampage  .    U - +2 pair of gloves
Will    ++...      Archmagi +    (boots unavailable)
Stlth   ++                       (no amulet)
HPRegen 0.31/turn                m - ring "Boirph" {rElec rC- rN+ Int+6}
MPRegen 0.15/turn                q - ring "Poupnen" {Int+6 Dex+2}

@: on blink cooldown, flying quickly and evasively, repel missiles, quick
A: beak, talons 3, nimble flight
a: Renounce Religion, Stomp


You were on level 5 of the Lair of Beasts.
You worshipped Uskayaw.
Uskayaw was noncommittal.
You visited 3 branches of the dungeon, and saw 18 of its levels.
You also visited: Bailey.

You collected 1065 gold pieces.

Inventory:

Hand Weapons
 v - a +2 scimitar of freezing (weapon)
 C - the +8 whip "Snakebite" {venom, curare, rPois}
   (You found it on level 2 of the Lair of Beasts)

   rPois:     It protects you from poison.
 F - a +1 long sword of electrocution
 Q - a +2 great sword
Missiles
 d - 8 boomerangs of dispersal
 w - 25 poisoned darts
 W - 2 curare-tipped darts (quivered)
Armour
 g - a scarf of repulsion (worn)
 P - the +2 shield of Resistance (worn) {rF++ rC++ Will++}
   (You found it on level 10 of the Dungeon)

   rF:        It greatly protects you from fire.
   rC:        It greatly protects you from cold.
   Will:      It greatly increases your willpower.
 S - a +2 robe of the Archmagi (worn)
 U - a +2 pair of gloves (worn)
 Z - a +2 hat (worn)
Jewellery
 m - the ring "Boirph" (left hand) {rElec rC- rN+ Int+6}
   (You found it on level 7 of the Dungeon)

   [ring of intelligence]

   Int:       It affects your intelligence (+6).
   rC:        It makes you vulnerable to cold.
   rElec:     It insulates you from electricity.
   rN:        It protects you from negative energy.
 n - the ring "Amumn" {rF+ rC+}
   (You found it on level 2 of the Dungeon)

   [ring of protection from cold]

   rF:        It protects you from fire.
   rC:        It protects you from cold.
 q - the ring "Poupnen" (right hand) {Int+6 Dex+2}
   (You acquired it on level 7 of the Dungeon)

   [ring of intelligence]

   Int:       It affects your intelligence (+6).
   Dex:       It affects your dexterity (+2).
 r - a ring of magical power
 s - a ring of see invisible
 x - a +6 ring of dexterity
 B - a ring of resist corrosion
 E - an amulet of regeneration
 G - a ring of positive energy
Wands
 c - a wand of mindburst (5)
 T - a wand of roots (8)
Scrolls
 a - a scroll of enchant armour
 e - 2 scrolls of amnesia
 h - 2 scrolls of torment
 i - 2 scrolls of fog
 j - 4 scrolls of noise
 l - 2 scrolls of magic mapping
 o - a scroll of vulnerability
 t - 2 scrolls of immolation
 u - 3 scrolls of fear
 y - 6 scrolls of teleportation
 D - 3 scrolls of silence
 R - a scroll of summoning
 Y - 2 scrolls of poison
Potions
 b - a potion of ambrosia {unknown}
 f - 4 potions of mutation
 k - 5 potions of brilliance
 p - a potion of lignification {unknown}
 z - 5 potions of attraction
 A - 5 potions of curing
 H - 6 potions of magic
 I - 10 potions of degeneration
 J - 5 potions of heal wounds
 K - a potion of cancellation {unknown}
 L - 2 potions of resistance {unknown}
 M - 6 potions of might {unknown}
 N - 2 potions of invisibility {unknown}
 O - 8 potions of haste {unknown}
 V - 2 potions of flight {unknown}
 X - a potion of berserk rage {unknown}


   Skills:
 - Level 2.0 Fighting
 - Level 11.0 Long Blades
 - Level 0.1 Axes
 - Level 0.1(0.3) Polearms
 - Level 0.4(0.5) Staves
 - Level 0.3 Ranged Weapons
 - Level 1.0 Throwing
 - Level 1.1 Armour
 - Level 14.0 Dodging
 - Level 14.1 Shields
 - Level 2.0 Spellcasting
 - Level 0.3 Conjurations
 - Level 0.1 Summonings
 + Level 3.7 Translocations
 - Level 0.1 Fire Magic
 - Level 0.2 Ice Magic
 - Level 7.4 Air Magic
 - Level 0.1 Earth Magic
 - Level 0.1 Invocations
 - Level 0.1 Evocations


You had 3 spell levels left.
You knew the following spells:

 Your Spells              Type           Power      Damage    Failure   Level
a - Blink                 Tloc           64%        N/A       7%          2
c - Vhi's Electric Charg  Tloc/Air       90%        N/A       6%          3
d - Poisonous Vapours     Pois/Air       62%        N/A       7%          2
e - Mephitic Cloud        Conj/Pois/Air  23%        N/A       22%         3
f - Teleport Other        Tloc           32%        N/A       13%         3

Your spell library contained the following spells:

 Spells                   Type           Power      Damage    Failure   Level
 Cigotuvi's Dreadful Rot  Necr/Pois/Air  44%        N/A       12%         2
 Lesser Beckoning         Tloc           64%        N/A       13%         3
 Momentum Strike          Conj/Tloc      38%        3d9       14%         2
 Dazzling Flash           Conj/Hex       10%        N/A       50%         3
 Ozocubu's Armour         Ice            5%         N/A       50%         3
 Tukima's Dance           Hex            4%         N/A       52%         3
 Manifold Assault         Tloc           32%        N/A       41%         4
 Passage of Golubria      Tloc           32%        N/A       41%         4
 Silence                  Hex/Air        15%        N/A       77%         5
 Animate Dead             Necr           3%         N/A       90%         4
 Agony                    Necr           3%         N/A       99%         5
 Metabolic Englaciation   Hex/Ice        2%         N/A       99%         5
 Yara's Violent Unravell  Hex/Tmut       2%         3d3       99%         5
 Simulacrum               Ice/Necr       2%         N/A       100%        6
 Haunt                    Necr/Summ      2%         N/A       100%        7
 Infestation              Necr           1%         N/A       100%        8


Dungeon Overview and Level Annotations

Branches:
Dungeon (12/15)            Temple (1/1) D:6            Lair (5/5) D:11
 Shoals (0/4) Lair:3       Spider (0/4) Lair:3          Orc (0/2) D:10
 Bailey (visited)
  Slime: Lair:4-5

Altars:
Ashenzari
Cheibriados
Dithmenos
Elyvilon
Fedhas
Gozag
Hepliaklqana
Kikubaaqudgha
Makhleb
Nemelex Xobeh
Okawaru
Qazlal
Ru
Sif Muna
Trog
Uskayaw
Vehumet
Wu Jian
Xom
Yredelemnul
Zin
The Shining One

Annotations:
Lair:5 Rupert


Innate Abilities, Weirdness & Mutations

You have a beak for a mouth.
You have claws for feet.
Your magical nature lets you fly swiftly and evasively.


Message History

You fall asleep.
The water moccasin bites you.
You wake up.
Unknown command.
A catoblepas comes into view.
The catoblepas bellows!
A dream sheep comes into view.
You block the water moccasin's attack.
Your surroundings suddenly seem different. 4 blink frogs, a black mamba, a water moccasin and a wyvern come into view.
The black mamba hisses angrily.
The wyvern hisses angrily.
The blink frog croaks. x2
You block the blink frog's attack. You block the black mamba's attack.
The water moccasin hisses angrily.
The black mamba attacks as you move away!
You block the black mamba's attack.
The blink frog gives a loud, deep croak!
The blink frog blinks!
The black mamba attacks as you move away!
The black mamba bites you!
You are poisoned.
The black mamba poisons you!
The blink frog attacks as you move away!
You block the blink frog's attack.
The blink frog attacks as you move away!
You block the blink frog's attack.
* * * LOW HITPOINT WARNING * * *
You feel very sick. The blink frog hits you!
* * * LOW HITPOINT WARNING * * *
The blink frog blinks!
The blink frog misses you.
Okay, then.
You feel better. You block the blink frog's attack. x2
The black mamba bites you!
* * * LOW HITPOINT WARNING * * *
Okay, then.
Casting: Blink (safe; 7% risk of failure)
Confirm with . or Enter, or press ? or * to list all spells.
You feel a surge of power!
You blink.
Found a glaive.
The blink frog blinks!
The blink frog hits you!
You die...

.. ##.# ##P..##
#.....##
#......####### #
#...ยง.......#.###
#.#..SFF.........P
#.....S.l.........
#.#......F@....#
..........F...#..#
...#....#.#.......
..............P.##)#
#.....#.##P.P###
#....# # ##### ####


You could see a black mamba, 4 blink frogs, a water moccasin and a wyvern.

Vanquished Creatures
  Josephine (Lair:3)
  A catoblepas (Lair:3)
  A boulder beetle (Lair:3)
  2 two-headed ogres (D:11)
  7 death yaks (D:11)
  Lodul (D:10)
  A cyclops (D:11)
  A manticore (Lair:3)
  Joseph (D:10)
  4 black mambas
  3 cane toads
  3 rime drakes
  6 komodo dragons
  A kobold demonologist (D:9)
  2 trolls
  A wind drake (Lair:3)
  A polar bear (Lair:2)
  A hornet (D:8)
  5 blink frogs (Lair:1)
  A wyvern (D:9)
  6 wraiths
  A shadow (D:10)
  30 yaks
  2 steam dragons (D:9)
  4 vampire mosquitoes (D:11)
  An acid dragon (D:10)
  Duvessa (D:5)
  8 water moccasins
  2 orc warriors
  An ice beast (D:6)
  6 black bears
  11 ogres
  7 centaurs
  5 wolves (Lair:4)
  A phantom (D:6)
  5 kobold brigands
  8 bullfrogs
  4 scorpions
  2 necrophages (D:6)
  12 wights
  Dowan (D:5)
  4 killer bees (D:9)
  4 electric eels
  6 howler monkeys
  4 hounds
  2 gnoll boudas (D:6)
  4 orc priests
  A jelly (D:6)
  7 orc wizards
  7 iguanas
  16 gnolls
  8 adders
  A shadow imp (D:6)
  2 white imps
  An ufetubus (D:4)
  2 worms
  2 dart slugs
  33 orcs
  3 endoplasms
  2 giant cockroaches (D:2)
  9 goblins
  7 hobgoblins
  18 kobolds
  4 quokkas
  6 ball pythons
  8 bats
  3 frilled lizards
  5 rats
331 creatures vanquished.

Vanquished Creatures (others)
  29 fungi
  67 plants
96 creatures vanquished.

Grand Total: 427 creatures vanquished

Notes
Turn   | Place    | Note
-------+----------+-------------------------------------------
     0 | D:1      | Leeroy the Tengu Warper began the quest for the Orb.
     0 | D:1      | Reached XP level 1. HP: 12/12 MP: 4/4
   278 | D:1      | Reached XP level 2. HP: 17/17 MP: 6/6
   783 | D:2      | Reached XP level 3. HP: 11/21 MP: 7/7
   992 | D:2      | Identified the ring "Amumn" {rF+ rC+}
  1072 | D:2      | Learned a level 2 spell: Blink
  1075 | D:2      | Learned a level 2 spell: Cigotuvi's Dreadful Rot
  1277 | D:2      | Reached XP level 4. HP: 10/24 MP: 5/8
  1453 | D:2      | Learned a level 3 spell: Vhi's Electric Charge
  2097 | D:4      | Gained mutation: Your magical nature lets you fly swiftly
                  | and evasively. [Tengu growth]
  2097 | D:4      | Reached XP level 5. HP: 25/30 MP: 9/9
  2101 | D:4      | Reached skill level 1 in Air Magic
  2286 | D:4      | Noticed a centaur
  2296 | D:4      | Gained mutation: You are clumsy. (Dex -2) [potion of
                  | mutation]
  2296 | D:4      | Lost mutation: You are clumsy. (Dex -2) [potion of
                  | mutation]
  2422 | D:4      | Reached XP level 6. HP: 25/35 MP: 10/10
  2514 | D:4      | Reached skill level 5 in Dodging
  3141 | D:5      | Entered Level 5 of the Dungeon
  3211 | D:5      | Reached skill level 5 in Long Blades
  3278 | D:5      | Noticed Duvessa
  3278 | D:5      | Noticed Dowan
  3409 | D:6      | Reached XP level 7. HP: 37/40 MP: 11/11
  3971 | D:6      | Found a staircase to the Ecumenical Temple.
  3974 | D:6      | You are sucked into a shaft and drop 3 floors!
  4024 | D:9      | Learned a level 2 spell: Poisonous Vapours
  4030 | D:9      | Reached XP level 8. HP: 27/44 MP: 12/12
  4295 | D:7      | Identified a scroll of acquirement
  4296 | D:7      | Acquired the ring "Poupnen" {Int+6 Dex+2}
  4371 | D:7      | Found a flagged portal.
  4380 | Bailey   | Entered a bailey
  4616 | Bailey   | Reached skill level 10 in Long Blades
  5164 | D:7      | Reached XP level 9. HP: 48/48 MP: 13/13
  5853 | D:7      | Identified the ring "Boirph" {rElec rC- rN+ Int+6}
  6126 | D:8      | Found a snail-covered altar of Cheibriados.
  6209 | Temple   | Entered the Ecumenical Temple
  6484 | Temple   | Became a worshipper of Uskayaw the Reveller
  6522 | D:6      | Reached * piety under Uskayaw
  6525 | D:6      | Reached ** piety under Uskayaw
  6530 | D:6      | Reached *** piety under Uskayaw
  6959 | D:6      | Reached **** piety under Uskayaw
  7493 | D:6      | Reached skill level 10 in Dodging
  7513 | D:6      | Noticed a troll
  7670 | D:6      | Reached XP level 10. HP: 53/53 MP: 7/14
  7755 | D:6      | Learned a level 3 spell: Mephitic Cloud
  8112 | D:5      | Killed Dowan
  8419 | D:5      | Killed Duvessa
  9225 | D:8      | Paralysed by a hornet for 3 turns
  9634 | D:9      | Noticed a kobold demonologist
  9639 | D:9      | Killed a kobold demonologist
 10094 | D:9      | Reached skill level 5 in Air Magic
 10332 | D:10     | Entered Level 10 of the Dungeon
 10332 | D:10     | Noticed Joseph
 10490 | D:10     | Found the +2 shield of Resistance {rF++ rC++ Will++}
 10815 | D:10     | Killed Joseph
 10879 | D:10     | Found a staircase to the Orcish Mines.
 10989 | D:10     | Reached skill level 1 in Shields
 10999 | D:10     | Reached XP level 11. HP: 57/57 MP: 15/15
 11006 | D:10     | Reached ***** piety under Uskayaw
 11110 | D:10     | Reached skill level 5 in Shields
 11207 | D:10     | Reached ****** piety under Uskayaw
 11579 | D:10     | Noticed Lodul
 11623 | D:10     | Killed Lodul
 11774 | D:10     | Found a transporter.
 12300 | D:11     | Noticed a two-headed ogre
 12312 | D:11     | Killed a two-headed ogre
 12646 | D:11     | Noticed a cyclops
 12654 | D:11     | Killed a cyclops
 12714 | D:11     | Noticed a death yak
 12714 | D:11     | Noticed a death yak
 12714 | D:11     | Noticed a death yak
 12714 | D:11     | Noticed a death yak
 12920 | D:11     | Killed a death yak
 13062 | D:11     | Noticed a death yak
 13088 | D:11     | Killed a death yak
 13090 | D:11     | Noticed a death yak
 13091 | D:11     | Noticed a death yak
 13194 | D:11     | Killed a death yak
 13450 | D:11     | Killed a death yak
 13451 | D:11     | Reached skill level 10 in Shields
 13451 | D:11     | Reached XP level 12. HP: 62/62 MP: 1/16
 13629 | D:11     | Killed a death yak
 13642 | D:11     | Killed a death yak
 13788 | D:11     | Found a staircase to the Lair.
 13798 | D:11     | Killed a death yak
 14087 | D:11     | Learned a level 3 spell: Teleport Other
 14089 | D:12     | Found a shadowy altar of Dithmenos.
 14107 | D:12     | Noticed a boulder beetle
 14113 | D:12     | Noticed a two-headed ogre
 14182 | D:11     | Killed a two-headed ogre
 14530 | Lair:1   | Entered Level 1 of the Lair of Beasts
 15950 | Lair:2   | Noticed a seven-headed hydra
 16365 | Lair:3   | Noticed a catoblepas
 16381 | Lair:3   | Killed a catoblepas
 16435 | Lair:3   | Reached XP level 13. HP: 54/66 MP: 17/17
 16496 | Lair:3   | Found a hole to the Spider Nest.
 16804 | Lair:3   | Noticed Josephine
 17027 | Lair:2   | Found the +8 whip "Snakebite" {venom, curare, rPois}
 17223 | Lair:3   | Found a staircase to the Shoals.
 17916 | Lair:3   | Killed Josephine
 18251 | Lair:5   | Entered Level 5 of the Lair of Beasts
 18251 | Lair:5   | Noticed Rupert
 18260 | Lair:5   | Slain by a blink frog

Illustrated notes

Levels and vault maps discovered:
D:1:      shiori_arrival_elements, layout_loops_ring
D:2:      minmay_skewed_foursquare, layout_basic
D:3:      layout_basic
D:4:      layout_basic, st_stairs_7
D:5:      layout_basic, uniq_duvessa
D:6:      minmay_razor_zed, layout_basic, minmay_temple_entry_arrows
D:7:      layout_loops_corners, enter_bailey_7
D:8:      layout_basic, kennysheep_little_box
D:9:      layout_roguey
D:10:     layout_stronghold, orc_0_dummy, nicolae_diode_basic, uniq_joseph,
          uniq_lodul
D:11:     layout_basic, dpeg_lair_monsters, kennysheep_donut
D:12:     layout_loops_cross, serial_co_window_serial, co_window_corner_a,
          co_window_paths_b, co_window_corner_a, co_window_corner_a,
          co_window_paths_a, co_window_2corner, co_window_broadway_c,
          co_window_corner_ca, co_window_paths_c, co_window_broadway_c,
          co_window_corner_ca, co_window_paths_e, glass_columns_b,
          glass_columns_c, nicolae_wooded_promenade,
          nicolae_dithmenos_the_darkroom
Temple:   mainiacjoe_temple_hex_bubbles
Lair:1:   layout_hall_layers
Lair:2:   minmay_guarded_unrand_snakebite, layout_regular_city,
          nicolae_quartered_pool_medium, lemuel_fruit_tree
Lair:3:   layout_loops_ring, minmay_shoals_entry_beasts, dummy_spider_entry,
          serial_bayou, serial_bayou_pond_b, serial_bayou_pond_e,
          serial_bayou_lagoon_a, serial_bayou_crossing, serial_bayou_pond_b,
          serial_bayou_lake_a, uniq_josephine
Lair:4:   layout_long_grid, slime_entry_1, grunt_megastairs_1,
          lemuel_fruit_fields
Lair:5:   cheibrodos_lair_end_hotspot, layout_misc_corridors, uniq_rupert

Skill      XL: |  1  2  3  4  5  6  7  8  9 10 11 12 13 |
---------------+----------------------------------------+-----
Long Blades    | 3 4 5 8 11 | 11.0
Air Magic      | 1 7 |  7.4
Dodging        | 4 5 10 12 14 | 14.0
Shields        | 3 10 14 | 14.1
Translocations | 3 |  3.7
Fighting       | |  2.0
Axes           | |  0.1
Polearms       | |  0.1
Staves         | |  0.4
Ranged Weapons | |  0.3
Throwing       | |  1.0
Armour         | |  1.1
Spellcasting   | |  2.0
Conjurations   | |  0.3
Summonings     | |  0.1
Fire Magic     | |  0.1
Ice Magic      | |  0.2
Earth Magic    | |  0.1
Invocations    | |  0.1
Evocations     | |  0.1

Action                   |  1- 3 |  4- 6 |  7- 9 | 10-12 | 13-15 || total
-------------------------+-------+-------+-------+-------+-------++-------
Melee: Falchion          |    91 |    23 |       |       |       ||   114
       Kick              |    21 |    25 |    86 |   191 |    67 ||   390
       Peck              |     9 |    20 |    58 |   103 |    46 ||   236
       Scimitar          |       |    73 |    67 |       |    56 ||   196
       Long sword        |       |       |   202 |   466 |   118 ||   786
       Punch             |       |       |     5 |     2 |       ||     7
Throw: Dart              |       |       |       |    17 |     2 ||    19
 Cast: Blink             |     2 |     2 |     1 |    11 |     5 ||    21
       Cigotuvi's Dreadf |     1 |       |       |       |       ||     1
       Vhi's Electric Ch |       |       |     9 |    16 |     4 ||    29
       Poisonous Vapours |       |       |     4 |    43 |     2 ||    49
       Mephitic Cloud    |       |       |       |    28 |     1 ||    29
       Teleport Other    |       |       |       |     1 |     2 ||     3
Evoke: Wand              |       |       |       |     7 |       ||     7
  Use: Potion            |       |     1 |     2 |       |     3 ||     6
       Scroll            |       |     1 |    16 |    12 |     5 ||    34
 Stab: Sleeping          |       |     1 |    11 |     1 |     1 ||    14
       Paralysed         |       |       |     2 |    22 |    12 ||    36
       Distracted        |       |       |     1 |     1 |       ||     2
       Confused          |       |       |       |    14 |     3 ||    17
Armor: Leather armour    |    19 |    17 |    18 |       |       ||    54
       Robe              |       |       |     2 |    25 |    17 ||    44
Dodge: Dodged            |    66 |    70 |   271 |   290 |   100 ||   797
Block: Kite shield       |       |       |       |   187 |   152 ||   339

Table legend: (Time is in decaauts)
 A = Elapsed time spent in this place.
 B = Non-inter-level travel time spent in this place.
 C = Inter-level travel time spent in this place.
 D = Time resting spent in this place.
 E = Time spent auto-exploring this place.
 F = Levels seen in this place.
 G = Mean time per level.
                   A        B        C        D        E       F      G
               +--------+--------+--------+--------+--------+-----+--------+
         Total |  17274 |  16394 |    880 |   1455 |  11341 |  19 |  909.2 |
       Dungeon |  12913 |  12233 |    680 |    905 |   8682 |  12 | 1076.1 |
        Temple |    279 |    215 |     64 |      0 |    207 |   1 |  279.0 |
          Lair |   3509 |   3374 |    135 |    451 |   2102 |   5 |  701.8 |
        Bailey |    572 |    572 |      0 |     99 |    350 |   1 |  572.0 |
               +--------+--------+--------+--------+--------+-----+--------+

Top non-repeatable levels by time:
     D:6: 2002 daAuts
    D:11: 1987 daAuts
    D:10: 1662 daAuts
  Lair:3: 1223 daAuts
     D:7: 1201 daAuts
     D:9: 1199 daAuts
  Lair:2: 1147 daAuts
     D:4: 1057 daAuts
     D:8: 960 daAuts
  Lair:1: 901 daAuts
     D:1: 868 daAuts
     D:2: 730 daAuts
     D:5: 691 daAuts
  Bailey: 572 daAuts
     D:3: 500 daAuts
